Map: Beckett Industries LE

Players

MaxPax - Winner!

  • Race: Protoss Protoss

Elazer

  • Race: Zerg Zerg

Event: DreamHack SC2 Masters 2021 Winter

VOD

Have the link to the VOD?

Description

Time

  • Played on: Oct. 14, 2021, 12:19 p.m.
  • Length: 8:06

All games in this series

Show
View Real Time Build Order
Export as new Build Order

MaxPax Protoss - Winner!

Build Orders: 1 Gate Expand, Mass Adepts 

Get SALT Encoding   

  12  0:00  Probe  
  13  0:12  Probe  
  14  0:19  Pylon  
  14  0:24  Probe  
  15  0:37  Probe (Chrono Boost)  
  15  0:40  Gateway  
  16  0:47  Probe (Chrono Boost)  
  16  0:48  Assimilator  
  17  0:52  Probe (Chrono Boost)  
  18  1:03  Probe  
  19  1:16  Probe  
  20  1:27  Cybernetics Core  
  20  1:34  Nexus  
  20  1:37  Probe  
  21  1:44  Assimilator  
  21  1:52  Pylon  
  21  2:00  Adept (Chrono Boost)  
  21  2:03  Warp Gate  
  23  2:10  Probe  
  24  2:20  Adept (Chrono Boost)  
  24  2:22  Gateway, Probe  
  27  2:34  Probe  
  28  2:43  Stalker  
  30  2:46  Probe  
  30  2:47  Probe  
  32  2:53  Gateway  
  33  2:58  Probe  
  33  2:59  Probe  
  34  3:10  Probe  
  34  3:12  Probe  
  36  3:17  Twilight Council  
  36  3:22  Probe  
  36  3:24  Probe  
  38  3:34  Probe  
  38  3:35  Robotics Facility  
  38  3:36  Probe  
  38  3:38  Pylon  
  40  3:47  Probe  
  41  3:49  Probe  
  41  3:50  Resonating Glaives (Chrono Boost)  
  41  3:51  Adept x2, Shield Battery  
  46  3:56  Adept  
  46  3:57  Probe  
  46  3:59  Probe  
  50  4:06  Probe, Pylon  
  50  4:08  Assimilator  
  51  4:11  Probe  
  51  4:12  Adept  
  54  4:20  Pylon  
  54  4:21  Warp Prism (Chrono Boost)  
  54  4:26  Adept  
  54  4:29  Adept  
  60  4:35  Robotics Bay  
  60  4:37  Adept  
  62  4:42  Probe, Pylon  
  62  4:44  Probe  
  64  4:49  Adept  
  66  4:59  Observer, Assimilator  
  67  5:03  Probe  
  67  5:05  Probe  
  69  5:08  Adept x2  
  69  5:09  Adept  
  69  5:13  Pylon  
  75  5:19  Disruptor (Chrono Boost)  
  76  5:31  Adept x2  
  76  5:40  Probe  
  71  5:44  Adept  
  71  5:46  Probe  
  74  5:56  Disruptor (Chrono Boost)  
  75  5:57  Probe  
  71  6:10  Probe  
  68  6:12  Gravitic Drive  
  68  6:16  Nexus  
  68  6:17  Probe  
  67  6:20  Adept x3  
  67  6:22  Probe  
  67  6:25  Pylon  
  74  6:29  Probe  
  74  6:30  Pylon  
  75  6:33  Forge  
  75  6:34  Observer, Probe  
  76  6:41  Probe  
  76  6:44  Adept, Shield Battery  
  76  6:45  Adept, Sentry  
  76  6:46  Probe  
  84  6:49  Colossus (Chrono Boost)  
  84  6:53  Probe  
  91  6:58  Probe  
  91  7:06  Probe  
  92  7:10  Probe  
  92  7:11  Gateway  
  92  7:13  Gateway  
  92  7:15  Gateway  
  93  7:18  Probe  
  94  7:27  Pylon  
  90  7:43  Probe  
  97  7:46  Probe  
  86  8:01  Stalker x3  
  92  8:05  Gateway  
Show
View Real Time Build Order
Export as new Build Order

Elazer Zerg 

Build Orders: Hatch First 

Get SALT Encoding   

  12  0:00  Drone  
  13  0:12  Overlord  
  13  0:16  Drone  
  14  0:30  Drone x2  
  16  0:49  Hatchery  
  15  0:52  Drone  
  15  0:55  Drone  
  17  0:59  Drone  
  18  1:11  Extractor  
  17  1:14  Spawning Pool  
  17  1:18  Drone  
  17  1:22  Drone  
  18  1:28  Drone  
  19  1:38  Drone  
  20  1:49  Overlord  
  20  2:01  Drone, Queen x2  
  24  2:02  Zergling x2  
  26  2:11  Zergling x2  
  26  2:12  Drone  
  28  2:16  Metabolic Boost  
  28  2:21  Drone  
  29  2:23  Drone  
  30  2:31  Drone  
  30  2:33  Drone  
  30  2:36  Queen  
  33  2:47  Overlord  
  33  2:50  Drone  
  33  3:01  Zergling x4  
  34  3:09  Evolution Chamber  
  34  3:10  Zergling x6, Hatchery  
  33  3:18  Drone x3  
  36  3:20  Drone  
  37  3:29  Overlord  
  36  3:35  Extractor, Roach Warren  
  36  3:38  Drone  
  35  3:50  Drone x3  
  35  3:51  Drone x2  
  35  3:53  Drone  
  41  3:56  Drone x2  
  41  4:00  Overlord  
  43  4:06  Zergling x2  
  43  4:07  Overlord  
  44  4:19  Roach x3  
  44  4:22  Roach  
  52  4:25  Roach  
  52  4:28  Roach  
  52  4:30  Roach  
  58  4:35  Roach  
  60  4:39  Roach x2  
  60  4:44  Roach  
  66  4:47  Overlord  
  66  4:59  Overlord  
  66  5:04  Lair  
  66  5:09  Drone x7  
  73  5:14  Drone  
  73  5:17  Overlord  
  70  5:35  Zergling x2, Roach x4  
  74  5:36  Zergling x6  
  75  5:45  Evolution Chamber  
  75  5:46  Zergling x2  
  72  5:55  Drone x4  
  71  6:00  Drone x2  
  70  6:07  Drone  
  64  6:11  Drone  
  64  6:17  Drone  
  66  6:19  Drone  
  66  6:21  Overseer  
  66  6:25  Drone x2  
  69  6:28  Drone x2  
  69  6:30  Drone  
  72  6:34  Drone x2  
  72  6:38  Drone x2  
  77  6:40  Drone  
  77  6:41  Drone  
  77  6:44  Drone x2  
  77  6:46  Drone  
  81  6:48  Drone  
  81  6:50  Drone  
  83  6:55  Overseer  
  83  6:57  Overlord  
  83  6:59  Queen  
  85  7:05  Drone x6  
  83  7:08  Drone x2  
  83  7:11  Drone x2  
  83  7:13  Drone  
  88  7:17  Zergling x2, Queen  
  88  7:22  Queen  
  91  7:25  Extractor  
  91  7:26  Extractor  
  91  7:27  Infestation Pit  
  88  7:34  Roach x4  
  85  7:39  Zergling x8  
  85  7:41  Zergling x2  
  85  7:42  Spore Crawler  
  84  7:46  Zergling x4  

Tags
 
Add a new tag
Caveats
  • Supply blocks, unpowered buildings, or Contaminate may cause inaccurate times.
  • Supply counts are checked every 10 seconds.